 Dungeon Crawl Stone Soup version 0.31-a0-1074-g0b22e4e0f1 (webtiles) character file.

Game seed: 6245458739732067023

3760 BigPumpCobain the Mimic (level 9, -1/79 HPs)
             Began as a Purple Draconian Shapeshifter on Dec 7, 2023.
             Was a Follower of Wu Jian.
             Slain by a slime creature (14 damage)
             ... on level 8 of the Dungeon.
             The game lasted 00:19:23 (8061 turns).

BigPumpCobain the Mimic (DrSh)                      Turns: 8061, Time: 00:19:23

Health: -1/79      AC:  7    Str: 20    XL:     9   Next: 94%
Magic:  0/9        EV: 13    Int: 12    God:    Wu Jian [*.....]
Gold:   413        SH:  0    Dex: 10    Spells: 8/8 levels left

rFire   . . .        e - +2 whip (elec)
rCold   . . .        (no shield)
rNeg    . . .        (body armour unavailable)
rPois   .            (helmet currently unavailable)
rElec   .            (cloak currently unavailable)
rCorr   .            (gloves currently unavailable)
SInv    .            (boots currently unavailable)
Will    +....        g - amulet of guardian spirit
Stlth   +            (no ring)
HPRegen 0.33/turn    (no ring)
MPRegen 0.11/turn

%: guardian spirit
@: short of breath, beast-form
A: beast (slay +4), breathe power, AC +7, unfitting armour, cold-blooded
a: Breathe Dispelling Energy, Begin Untransformation, Renounce Religion


You were on level 8 of the Dungeon.
You worshipped Wu Jian.
Wu Jian was aware of your devotion.
You were a hulking beast.
You visited 2 branches of the dungeon, and saw 9 of its levels.

You collected 413 gold pieces.

Inventory:

Hand Weapons
 e - a +2 whip of electrocution (weapon)
 y - the +9 dagger "Lifebane" {elec, Drain rElec rN+ Dex+3}
   (You found it on level 6 of the Dungeon)

   Dex+3:     It affects your dexterity (+3).
   rElec:     It insulates you from electricity.
   rN+:       It protects you from negative energy.
   Drain:     It drains your maximum health when unequipped.
Armour
 j - the orb "Wazusyap" {*Rage, Slay+2}
   (You found it on level 2 of the Dungeon)

   Slay+2:    It affects your accuracy & damage with ranged weapons and melee
   (+2).
Jewellery
 a - the amulet "Lirees" {Faith Str+3 Int+3}
   (You found it on level 5 of the Dungeon)

   [amulet of faith]

   Faith:     It allows you to gain divine favour quickly.
   Str+3:     It affects your strength (+3).
   Int+3:     It affects your intelligence (+3).
 g - an amulet of guardian spirit (around neck)
 q - a ring of ice
Talismans
 b - a beast talisman
 c - a flux talisman
Wands
 s - a wand of flame (14)
 t - a wand of roots (8)
 w - a wand of quicksilver (3)
Scrolls
 d - 4 scrolls of teleportation
 k - a scroll of fog {unknown}
 l - a scroll of vulnerability
 n - a scroll of amnesia
 p - 3 scrolls of noise
 z - a scroll of immolation
Potions
 f - a potion of attraction {unknown}
 h - 4 potions of curing
 i - 2 potions of heal wounds {unknown}
 m - a potion of mutation {unknown}
 o - a potion of berserk rage {unknown}
 r - a potion of degeneration {unknown}
 u - a potion of brilliance {unknown}
 v - a potion of ambrosia {unknown}
 x - a potion of invisibility {unknown}
 A - a potion of resistance {unknown}
 B - a potion of enlightenment {unknown}
 C - 2 potions of cancellation {unknown}


   Skills:
 + Level 7.0 Fighting
 + Level 6.0 Dodging
 + Level 7.1 Unarmed Combat
 * Level 8.9 Shapeshifting


You had 8 spell levels left.
You didn't know any spells.
Your spell library contained the following spells:

 Spells                   Type           Power      Damage    Failure   Level
 Conjure Ball Lightning   Conj/Air       0%         3x3d6     100%        6
 Discord                  Hex            0%         N/A       100%        8
 Disjunction              Tloc           0%         N/A       100%        8


Dungeon Overview and Level Annotations

Branches:
Dungeon (8/15)             Temple (1/1) D:7
   Lair: D:8-11

Altars:
Ashenzari
Dithmenos
Fedhas
Gozag
Hepliaklqana
Kikubaaqudgha
Makhleb
Nemelex Xobeh
Okawaru
Qazlal
Ru
Sif Muna
Trog
Vehumet
Wu Jian
Xom
Zin
The Shining One

Shops:
D:2 ([:   D:5 [

Annotations:
D:8 1 runed translucent door


Innate Abilities, Weirdness & Mutations

You are a hulking beast.
Your limbs bulge with bestial killing power. (Slay +4)
You can breathe bolts of dispelling energy.
Your rich purple scales are hard. (AC +7)
You cannot fit into any form of body armour.
You are cold-blooded and may be slowed by cold attacks.


Message History

The large slime creature is moderately wounded.
The large slime creature misses you.
You whack the large slime creature!
The large slime creature is heavily wounded.
The large slime creature hits you!!
You whack the large slime creature! You tail-slap the large slime creature.
The large slime creature is heavily wounded.
The large slime creature barely misses you.
The slime creature hits you! x2; The large slime creature hits you!
* * * LOW HITPOINT WARNING * * *
You are too injured to fight recklessly!
You are too injured to fight recklessly!
You are too injured to fight recklessly!
You are too injured to fight recklessly!
You are too injured to fight recklessly!
You are too injured to fight recklessly!
You are too injured to fight recklessly!
You are too injured to fight recklessly!
You are too injured to fight recklessly!
You are too injured to fight recklessly!
You are too injured to fight recklessly!
You are too injured to fight recklessly!
You are too injured to fight recklessly!
You are too injured to fight recklessly!
You are too injured to fight recklessly!
Unknown command.
You whack the large slime creature!
The large slime creature is heavily wounded.
A large slime creature splits.
The slime creature closely misses you.
You spin and attack the slime creature.
You hit the slime creature.
Lightning courses through the slime creature!
The slime creature is almost dead.
Two slime creatures merge to form a large slime creature.
The slime creature hits you!
* * * LOW HITPOINT WARNING * * *
You whack the large slime creature!
Lightning courses through the large slime creature!!
The large slime creature is heavily wounded.
The slime creature hits you!
You die...

#.#..# #.##
#.#..###.#
#.#....#.#
#.#.##.#.#
#........##
###.......#
####.##.# #.
#.######..## #.
#..hJF......
#......J.###...
########.# ...
.### .# .# .#


You could see a large slime creature, a slime creature and a bullfrog.

Vanquished Creatures
  Maggie (D:8)
  A slime creature (D:8)
  A wyvern (D:7)
  4 ice beasts
  3 black bears
  3 ogres
  A centaur (D:7)
  2 phantoms
  A kobold brigand (D:7)
  A bullfrog (D:7)
  2 gnoll sergeants
  3 scorpions
  4 wights
  2 electric eels (D:6)
  5 hounds
  An orc priest (D:3)
  9 iguanas
  3 sleepcaps
  A bullfrog skeleton (D:7)
  A scorpion zombie (D:7)
  Ijyb (D:5)
  10 orc wizards
  2 killer bee zombies (D:7)
  16 gnolls
  5 howler monkey skeletons (D:7)
  11 adders
  A river rat (D:4)
  A shadow imp (D:5)
  4 white imps
  2 ufetubi (D:7)
  10 worms
  2 dart slugs
  19 orcs
  3 endoplasms
  2 giant cockroaches
  6 goblins
  9 hobgoblins
  9 jackals
  4 quokkas
  4 ball pythons
  4 bats
  2 frilled lizards
  12 kobolds
  8 rats
196 creatures vanquished.

Notes
Turn   | Place    | Note
-------+----------+-------------------------------------------
     0 | D:1      | BigPumpCobain the Draconian Shapeshifter began the quest
                  | for the Orb.
     0 | D:1      | Reached XP level 1. HP: 16/16 MP: 1/1
   107 | D:1      | Reached XP level 2. HP: 23/23 MP: 2/2
   778 | D:1      | Reached XP level 3. HP: 28/29 MP: 3/3
   920 | D:2      | Identified the orb "Wazusyap" {*Rage, Slay+2}
   937 | D:2      | Found Zuiditt's Book Emporium.
   999 | D:2      | Found Deyhaama's Armour Emporium.
  1331 | D:3      | Reached XP level 4. HP: 23/36 MP: 2/4
  1579 | D:2      | Found Xolubep's Antique Weapon Shoppe.
  1675 | D:2      | Reached skill level 4 in Shapeshifting
  2321 | D:3      | Found a sparkling altar of Nemelex Xobeh.
  2321 | D:3      | Found a hazy altar of Hepliaklqana.
  2340 | D:3      | Reached XP level 5. HP: 42/42 MP: 5/5
  2944 | D:3      | Reached XP level 6. HP: 38/50 MP: 4/6
  3468 | D:4      | Found a broken altar of Ashenzari.
  3535 | D:4      | Reached skill level 5 in Shapeshifting
  3621 | D:4      | Your scales start taking on a rich purple colour.
  3621 | D:4      | Reached XP level 7. HP: 46/57 MP: 4/7
  4311 | D:5      | Entered Level 5 of the Dungeon
  4560 | D:5      | Identified the amulet "Lirees" {Faith Str+3 Int+3}
  4590 | D:5      | Found an ancient bone altar of Kikubaaqudgha.
  4598 | D:5      | Reached skill level 5 in Unarmed Combat
  4598 | D:5      | Reached skill level 6 in Shapeshifting
  4874 | D:5      | Reached XP level 8. HP: 64/67 MP: 5/8
  4901 | D:5      | Found Ceyx's Armour Shoppe.
  4986 | D:5      | Noticed Ijyb
  4994 | D:5      | Killed Ijyb
  4999 | D:5      | Reached skill level 5 in Fighting
  5274 | D:5      | Found an iron altar of Okawaru.
  5388 | D:6      | Found a sacrificial altar of Ru.
  5440 | D:5      | Reached skill level 7 in Shapeshifting
  5796 | D:6      | Reached skill level 5 in Dodging
  5810 | D:6      | Reached XP level 9. HP: 62/75 MP: 9/9
  5978 | D:6      | Found a blossoming altar of Fedhas.
  6078 | D:6      | Identified the +9 dagger "Lifebane" {elec, Drain rElec rN+
                  | Dex+3}
  6459 | D:6      | Reached skill level 8 in Shapeshifting
  6543 | D:6      | Found an opulent altar of Gozag.
  6984 | D:7      | Found a staircase to the Ecumenical Temple.
  7047 | Temple   | Entered the Ecumenical Temple
  7067 | Temple   | Became a worshipper of the Wu Jian Council
  7125 | D:7      | Found a shadowy altar of Dithmenos.
  7835 | D:8      | Noticed Maggie
  7851 | D:8      | Killed Maggie
  7992 | D:8      | Found a runed translucent door.
  8054 | D:8      | Reached * piety under Wu Jian
  8061 | D:8      | Slain by a slime creature

Illustrated notes

Levels and vault maps discovered:
D:1:      minmay_arrival_stone_box, layout_basic
D:2:      layout_loops_corners, serial_shops, nicolae_shop_tiny_statue_garden,
          nicolae_shop_just_a_little_nook, shop, chequers_serial_rivers_room_a,
          nicolae_wormholes
D:3:      layout_rooms, chequers_temple_overflow_statue_of_worship
D:4:      layout_loops_cross, mainiacjoe_overflow_alcove_4,
          lightli_sewer_entry_pipes
D:5:      layout_basic, kiku_gazebo_pond_becter, okawaru_gym_becter,
          chequers_jeans, nicolae_stop_n_shop_2, uniq_ijyb
D:6:      minmay_flawed_box, layout_rooms, fedhas_altar_4,
          mainiacjoe_overflow_brackets, mainiacjoe_overflow_tiny_flanked,
          chequers_big_river, minivault_19
D:7:      layout_rooms, nicolae_dithmenos_the_darkroom,
          minmay_temple_entry_wispy, mainiacjoe_ossuary_entry_find_the_door
D:8:      layout_loops_ring, nicolae_uskayaw_dance_studio,
          dk_yredelemnul_ordeal, chequers_serial_rivers_micro_d,
          minmay_misc_feat_enclosed, minmay_misc_feat_iff, uniq_maggie
Temple:   nicolae_temple_bog_church

Skill      XL: |  1  2  3  4  5  6  7  8  9 |
---------------+----------------------------+-----
Dodging        | 2 3 4 5 6 |  6.0
Fighting       | 2 3 4 5 7 |  7.0
Shapeshifting  | 4 5 6 7 8 |  8.9
Unarmed Combat | 4 5 6 7 |  7.1

Action                     |  1- 3 |  4- 6 |  7- 9 || total
---------------------------+-------+-------+-------++-------
  Melee: Unarmed           |    18 |       |       ||    18
         Tailslap          |     7 |    28 |    58 ||    93
         Whip              |    72 |   213 |   356 ||   641
         Punch             |     1 |     7 |    14 ||    22
Ability: Lunge             |       |       |     3 ||     3
         Breathe Dispellin |       |       |     1 ||     1
         Whirlwind         |       |       |     1 ||     1
  Evoke: Wand              |       |       |    28 ||    28
    Use: Scroll            |       |     5 |     3 ||     8
         Potion            |       |       |     3 ||     3
   Stab: Sleeping          |     1 |       |       ||     1
 Armour: Skin              |    45 |   148 |   361 ||   554
  Dodge: Dodged            |    55 |   135 |   275 ||   465

Table legend: (Time is in decaauts)
 A = Elapsed time spent in this place.
 B = Non-inter-level travel time spent in this place.
 C = Inter-level travel time spent in this place.
 D = Time resting spent in this place.
 E = Time spent auto-exploring this place.
 F = Levels seen in this place.
 G = Mean time per level.
                   A        B        C        D        E       F      G
               +--------+--------+--------+--------+--------+-----+--------+
         Total |   8165 |   7946 |    219 |    796 |   5694 |   9 |  907.2 |
       Dungeon |   8126 |   7945 |    181 |    796 |   5694 |   8 | 1015.8 |
        Temple |     39 |      1 |     38 |      0 |      0 |   1 |   39.0 |
               +--------+--------+--------+--------+--------+-----+--------+

Top non-repeatable levels by time:
     D:4: 1340 daAuts
     D:2: 1337 daAuts
     D:6: 1290 daAuts
     D:5: 1114 daAuts
     D:7: 974 daAuts
     D:1: 924 daAuts
     D:3: 909 daAuts
     D:8: 234 daAuts
  Temple: 39 daAuts
